 Dungeon Crawl Stone Soup version 0.23.2-1-ga50397a6bc (webtiles) character file.

Game seed: 8737403831412613831

504 NochnoyZador the Sneak (level 7, -4/34 HPs)
             Began as a Vine Stalker Warper on May 4, 2019.
             Slain by Duvessa
             ... wielding a +0 rapier
              (15 damage)
             ... on level 4 of the Dungeon.
             The game lasted 00:24:13 (4222 turns).

NochnoyZador the Sneak (Vine Stalker Warper)        Turns: 4222, Time: 00:24:13

Health: -4/34      AC:  4    Str: 14    XL:     7   Next: 17%
Magic:  0/14       EV: 11    Int: 15    God:
Gold:   248        SH:  0    Dex: 13    Spells: 4/14 levels left

rFire    . . .     SeeInvis .   a - +0 mace
rCold    . . .     Gourm    .   (no shield)
rNeg     . . .     Faith    .   b - +0 leather armour
rPois    .         Spirit   +   m - +1 hat
rElec    .         Reflect  .   (no cloak)
rCorr    .         Harm     .   (no gloves)
MR       .....                  (no boots)
Stlth    +++.......             (no amulet)
HPRegen  0.51/turn              v - ring of wizardry
MPRegen  0.14/turn              (no ring)

@: no status effects
A: fangs 2, regeneration 1, magic shield, antimagic bite, no potion heal 3, rot
immunity
a: no special abilities


You were on level 4 of the Dungeon.
You were not hungry.

You visited 1 branch of the dungeon, and saw 4 of its levels.

You collected 248 gold pieces.

Inventory:

Hand Weapons
 a - a +0 mace (weapon)
Missiles
 e - 5 tomahawks of dispersal (quivered)
 k - 142 stones
Armour
 b - a +0 leather armour (worn)
 m - a +1 hat (worn)
Jewellery
 v - a ring of wizardry (left hand)
Scrolls
 g - 3 scrolls of teleportation {unknown}
 h - 2 scrolls of remove curse {unknown}
 i - 2 scrolls of random uselessness {unknown}
 j - 4 scrolls of identify {unknown}
 n - 4 scrolls of amnesia
 r - a scroll of fear {unknown}
 u - a scroll of fog {unknown}
Potions
 c - a potion of heal wounds {unknown}
 l - a potion of berserk rage {unknown}
 o - 2 potions of might {unknown}
 p - a potion of mutation {unknown}
 q - 2 potions of haste {unknown}
 s - 3 potions of curing {unknown}
 t - a potion of brilliance {unknown}
 w - a potion of resistance {unknown}
 x - a potion of lignification {unknown}
 z - a potion of agility {unknown}
Comestibles
 f - 8 rations


   Skills:
 - Level 1.7 Fighting
 - Level 1.7 Maces & Flails
 - Level 0.8 Throwing
 - Level 0.7 Armour
 - Level 1.5 Dodging
 + Level 6.0 Stealth
 - Level 4.0 Spellcasting
 + Level 5.3 Translocations


You had 4 spell levels left.
You knew the following spells:

 Your Spells              Type           Power        Failure   Level  Hunger
a - Shroud of Golubria    Chrm/Tloc      ##........   4%          2    ##.....
b - Blink                 Tloc           N/A          1%          2    ##.....
c - Gell's Gravitas       Tloc           ###.......   3%          3    ###....
d - Teleport Other        Tloc           ###.....     3%          3    ###....

Your spell library contained the following spells:

 Spells                   Type           Power        Failure   Level  Hunger
 Lesser Beckoning         Tloc           ###.......   3%          3    ###....
 Passage of Golubria      Tloc           N/A          11%         4    ####...


Dungeon Overview and Level Annotations

Branches:
Dungeon (4/15)             Temple (0/1) D:4

Altars:
Hepliaklqana
Nemelex Xobeh
Trog
Uskayaw
Xom

Annotations:
D:4 2 runed translucent doors, Duvessa; KinonikoII's ghost, novice MfFi


Innate Abilities, Weirdness & Mutations

You have extremely sharp teeth.
Your natural rate of healing is unusually fast.
When hurt, damage is shared between your health and your magic reserves.
Your bite disrupts and absorbs the magic of your enemies.
Potions cannot restore your health.
You are immune to rotting.


Message History

Your shroud falls apart!
Duvessa hits you with a +0 rapier! The orc closely misses you.
Casting: Blink (safe; 1% risk of failure)
Confirm with . or Enter, or press ? or * to list all spells.
Space distorts slightly along a thin shroud covering your body.
Duvessa closely misses you. The orc closely misses you.
Duvessa closely misses you.
Casting: Shroud of Golubria (safe; 4% risk of failure)
Confirm with . or Enter, or press ? or * to list all spells.
You blink.
You see here a +0 dagger.
You hit Duvessa but do no damage. You bite Duvessa, but do no damage.
Your shroud bends Duvessa's attack away!
Duvessa hits you with a +0 rapier.
* * * LOW HITPOINT WARNING * * *
Your shroud falls apart!
You hit Duvessa.
Duvessa is lightly wounded.
Duvessa hits you with a +0 rapier!
You die... #.#.8...### #.⌠.# #rrF#

#))......# #...# ##+## #......_.#
###.### #...# #........# #..)..#
#..## ## ###.8...## #.....# #.##
#. ##...## #..>..# #.# #. ##
######.##.....###.#########.
.#######.....#..eo.#....[........
......<......###@###.#########.##
.#######..#..##...##.# #...
#....... .# #.⌠.##.# ####
#(###### .. #...##.# # #.# ..
##.###.# ..# .###.#.#.#### ..##
#..........# ...#####..
........#.##.# .......^.#
#.#.##..#.# # ##


You could see Duvessa (berserk) and an orc.

Vanquished Creatures
  Eustachio (D:4)
  An eye of draining (D:4)
  Dowan (D:4)
  An orc priest (D:3)
  9 adders
  2 oozes
  4 worms
  A dart slug (D:1)
  2 leopard geckos
  5 orcs
  3 ball pythons (D:2)
  10 bats
  6 giant cockroaches
  10 goblins
  5 hobgoblins
  4 jackals (D:3)
  7 quokkas
  4 frilled lizards
  10 kobolds
  6 rats
92 creatures vanquished.

Notes
Turn   | Place    | Note
-------+----------+-------------------------------------------
     0 | D:1      | NochnoyZador the Vine Stalker Warper began the quest for
                  | the Orb.
     0 | D:1      | Reached XP level 1. HP: 11/11 MP: 4/4
    81 | D:1      | Reached skill level 1 in Stealth
   193 | D:1      | Reached XP level 2. HP: 8/15 MP: 3/6
   200 | D:1      | Learned a level 2 spell: Shroud of Golubria
   203 | D:1      | Learned a level 2 spell: Blink
   538 | D:1      | Reached skill level 2 in Stealth
   653 | D:1      | Reached XP level 3. HP: 17/18 MP: 8/8
  1465 | D:2      | Learned a level 3 spell: Gell's Gravitas
  1619 | D:2      | Found a sparkling altar of Nemelex Xobeh.
  1628 | D:2      | Gained mutation: Your natural rate of healing is unusually
                  | fast. [Vine Stalker growth]
  1628 | D:2      | Reached XP level 4. HP: 23/23 MP: 9/9
  1655 | D:2      | Reached skill level 3 in Stealth
  2137 | D:2      | Reached XP level 5. HP: 21/26 MP: 7/11
  2142 | D:2      | Learned a level 3 spell: Teleport Other
  2779 | D:3      | Found a faded altar of an unknown god.
  3081 | D:3      | Reached skill level 4 in Stealth
  3159 | D:3      | Found a hazy altar of Hepliaklqana.
  3160 | D:3      | Found a shimmering altar of Xom.
  3160 | D:3      | Noticed a thorn hunter
  3161 | D:3      | Noticed a thorn hunter
  3161 | D:3      | Noticed a spectral ugly thing
  3277 | D:4      | Found a runed translucent door.
  3280 | D:4      | Noticed KinonikoII's ghost (novice MfFi)
  3489 | D:4      | Noticed a +0 hand axe
  3492 | D:4      | Noticed a +0 dagger
  3493 | D:4      | Found a hide-covered altar of Uskayaw.
  3541 | D:4      | Reached XP level 6. HP: 16/30 MP: 8/13
  3636 | D:4      | Noticed an eye of draining
  3638 | D:4      | Found a bloodstained altar of Trog.
  3660 | D:4      | Killed an eye of draining
  3660 | D:4      | Reached skill level 5 in Stealth
  3730 | D:4      | Noticed Eustachio
  3980 | D:4      | Killed Eustachio
  3980 | D:4      | Reached skill level 5 in Translocations
  3980 | D:4      | Reached XP level 7. HP: 15/34 MP: 6/14
  4028 | D:4      | Found a runed translucent door.
  4050 | D:4      | Noticed Dowan
  4055 | D:4      | Noticed Duvessa
  4199 | D:4      | Found a staircase to the Ecumenical Temple.
  4216 | D:4      | Killed Dowan
  4216 | D:4      | Reached skill level 6 in Stealth
  4222 | D:4      | Slain by Duvessa

Skill      XL: |  1  2  3  4  5  6  7 |
---------------+----------------------+-----
Stealth        | 1 2 3 4 5 6 |  6.0
Spellcasting   | 3 4 |  4.0
Translocations | 4 5 |  5.3
Fighting       | |  1.7
Maces & Flails | |  1.7
Throwing       | |  0.8
Armour         | |  0.7
Dodging        | |  1.5

Action                   |  1- 3 |  4- 6 |  7- 9 || total
-------------------------+-------+-------+-------++-------
Melee: Mace              |   116 |   217 |    21 ||   354
       Bite              |    28 |    49 |     8 ||    85
 Cast: Shroud of Golubri |     6 |    28 |     3 ||    37
       Gell's Gravitas   |       |    13 |       ||    13
       Blink             |       |     5 |     5 ||    10
  Use: Scroll            |       |     4 |       ||     4
 Stab: Sleeping          |       |     8 |       ||     8
  Eat: Chunk             |     3 |    10 |       ||    13
       Ration            |       |       |     1 ||     1
Armor: Leather armour    |    34 |   116 |     4 ||   154
Dodge: Dodged            |    77 |   194 |    21 ||   292
